 Dungeon Crawl Stone Soup version 0.24.0-35-gdb84b6a5db (webtiles) character file.

Game seed: 12322447378405701270, levelgen mode: deterministic

30172 Mesmaeker13 the Destroyer (level 13, 0/77 HPs)
             Began as a Black Draconian Conjurer on Nov 20, 2019.
             Was an Elder of Hepliaklqana.
             Succumbed to a redback's poison
             ... on level 4 of the Lair of Beasts.
             The game lasted 00:46:10 (25300 turns).

Mesmaeker13 the Destroyer (DrCj)                   Turns: 25300, Time: 00:46:11

Health: 0/77       AC: 13    Str: 16    XL:     13   Next: 19%
Magic:  15/24      EV: 17    Int: 23    God:    Hepliaklqana [****..]
Gold:   930        SH:  0    Dex:  8    Spells: 10/27 levels left

rFire    . . .     SeeInvis .   s - staff of energy
rCold    + . .     Gourm    .   (no shield)
rNeg     . . .     Faith    .   (armour unavailable)
rPois    .         Spirit   .   h - +0 hat of the Maze {+Inv Str+5 Dex-4}
rElec    +         Reflect  .   y - +0 cloak
rCorr    .         Harm     .   G - +1 pair of gloves
MR       +....                  B - +1 pair of boots
Stlth    ++........             (no amulet)
HPRegen  0.22/turn              H - ring "Duemutt" {+Fly rElec rC+ MR+ Int+3}
MPRegen  0.19/turn              v - ring of wizardry

@: lethally poisoned (0 -> -54), studying Stealth
A: breathe lightning, unfitting armour, reduced essence, electricity resistance,
cold-blooded, AC +8
a: Breathe Lightning, Recall Ancestor, Ancestor Identity, Transference,
Idealise, Renounce Religion, Evoke Invisibility, Evoke Flight


You were on level 4 of the Lair of Beasts.
You worshipped Hepliaklqana.
Hepliaklqana was greatly pleased with you.
You were not hungry.

You visited 3 branches of the dungeon, and saw 15 of its levels.

You collected 930 gold pieces.

Inventory:

Hand Weapons
 A - a +3 spear
 C - a +6 dagger of venom
Missiles
 n - 9 poisoned darts (quivered)
Armour
 h - the +0 hat of the Maze (worn) {+Inv Str+5 Dex-4}
   (You acquired it on level 2 of the Lair of Beasts)

   It affects your strength (+5).
   It affects your dexterity (-4).
   It lets you turn invisible.
 y - a +0 cloak (worn)
 B - a +1 pair of boots (worn)
 G - a +1 pair of gloves (worn)
 K - a scarf of repulsion
Magical Staves
 s - an uncursed staff of energy (weapon)
Jewellery
 l - an uncursed ring of see invisible
 u - an uncursed ring of positive energy
 v - a ring of wizardry (right hand)
 F - a +3 ring of protection
 H - the ring "Duemutt" (left hand) {+Fly rElec rC+ MR+ Int+3}
   (You acquired it on level 2 of the Lair of Beasts)

   [ring of flight]

   It affects your intelligence (+3).
   It protects you from cold.
   It insulates you from electricity.
   It affects your resistance to hostile enchantments.
   It lets you fly.
Wands
 i - a wand of digging (4)
 I - a wand of disintegration (2)
 M - a wand of acid (10)
Scrolls
 a - 3 scrolls of magic mapping
 c - 2 scrolls of enchant armour
 d - 2 scrolls of noise
 j - a scroll of amnesia
 k - 5 scrolls of teleportation
 p - 5 scrolls of fog
 q - 2 scrolls of enchant weapon
 z - 2 scrolls of holy word {unknown}
 D - 7 scrolls of remove curse
 E - a scroll of blinking {unknown}
 L - a scroll of random uselessness {unknown}
 N - a scroll of immolation {unknown}
 P - a scroll of summoning
Potions
 e - a potion of haste
 f - 3 potions of invisibility
 g - a potion of flight
 m - 3 potions of mutation
 o - 3 potions of resistance
 r - 2 potions of degeneration {unknown}
 w - a potion of heal wounds
 x - 3 potions of agility
 J - 2 potions of curing {unknown}
 O - a potion of magic {unknown}
Books
 t - a manual of Stealth
Comestibles
 b - 17 rations
 Q - a chunk of flesh


   Skills:
 + Level 12.4 Dodging
 - Level 1.7 Stealth
 + Level 7.8 Spellcasting
 + Level 13.7 Conjurations
 + Level 9.2 Fire Magic


You had 10 spell levels left.
You knew the following spells:

 Your Spells              Type           Power        Failure   Level  Hunger
a - Magic Dart            Conj           ####         1%          1    None
b - Searing Ray           Conj           ######       1%          2    None
c - Iskenderun's Mystic   Conj           ######..     1%          4    None
d - Bolt of Fire          Conj/Fire      ######....   4%          6    None
e - Force Lance           Conj/Tloc      #####...     1%          4    None

Your spell library contained the following spells:

 Spells                   Type           Power        Failure   Level  Hunger
 Dazzling Spray           Conj/Hex       #####.       1%          3    None
 Fulminant Prism          Conj/Hex       #####.....   1%          4    None
 Beastly Appendage        Tmut           #.....       2%          1    None
 Corona                   Hex            #......      2%          1    None
 Bolt of Magma            Conj/Fire/Erth #####.....   3%          5    None
 Slow                     Hex            #.......     4%          2    None
 Sticks to Snakes         Tmut           #.......     4%          2    None
 Iskenderun's Battlesphe  Conj/Chrm      #####...     4%          5    None
 Venom Bolt               Conj/Pois      #####.....   4%          5    None
 Spider Form              Tmut/Pois      #.........   9%          3    None
 Orb of Destruction       Conj           ######....   9%          7    None
 Ice Form                 Ice/Tmut       #.......     26%         4    None
 Leda's Liquefaction      Hex/Erth       #.........   26%         4    None
 Iron Shot                Conj/Erth      #####.....   26%         6    None
 Blade Hands              Tmut           #.........   58%         5    None
 Yara's Violent Unravell  Hex/Tmut       #.........   58%         5    None
 Spellforged Servitor     Conj/Summ      #####.....   77%         7    None


Dungeon Overview and Level Annotations

Branches:
Dungeon (10/15)            Temple (1/1) D:6            Lair (4/6) D:9
 Spider (0/4) Lair:4          Orc (0/2) D:9
  Swamp: Lair:2-4    Shoals: Lair:2-4

Altars:
Ashenzari
Cheibriados
Dithmenos
Elyvilon
Fedhas
Gozag
Hepliaklqana
Kikubaaqudgha
Makhleb
Nemelex Xobeh
Okawaru
Qazlal
Ru
Sif Muna
Trog
Uskayaw
Vehumet
Wu Jian
Xom
Yredelemnul
Zin
The Shining One

Shops:
D:5 *   D:6 }   D:8 (


Innate Abilities, Weirdness & Mutations

You can breathe wild blasts of lightning.
Your glossy black scales are hard. (AC +8)
You cannot fit into any form of body armour.
You are resistant to electric shocks. (rElec)
You are cold-blooded and may be slowed by cold attacks.
Your life essence is reduced to manifest your ancestor. (-10% HP)


Message History

Ealdgyð barely misses the redback.
The redback bites you!
You are more poisoned.
The redback poisons you!
The searing ray misses the redback.
You finish channeling your searing ray.
You feel extremely sick. The redback closely misses you.
Ealdgyð hits the redback with a +0 flail!
The redback dies!
You feel extremely sick.
You feel extremely sick.
You feel very sick.
* * * LOW HITPOINT WARNING * * *
You feel very sick.
* * * LOW HITPOINT WARNING * * *
You feel very sick.
* * * LOW HITPOINT WARNING * * *
You feel very sick.
* * * LOW HITPOINT WARNING * * *
You feel very sick.
You die...

##........÷).#.#####..#.
#..P.#.#.###### ##...
####......### #.##.
#...........### ####.P#.
##..........##.##.......
#..........###.#.......
###...............>......
##.#...........##.+.......
####.#......@....####........
#P.........R.....# #P.......
##P.P####'.###.### ##.......
#..†..##...# ### #.......
.............## #####..+
#......^........# ....
##.^........#..)####
#........^##÷.....#
#.###^..^^##..........


You could see the friendly Ealdgyð the knight.

Vanquished Creatures
  A hydra (Lair:3)
  A two-headed ogre (D:8)
  Nergalle (Lair:4)
  An unseen horror (D:10)
  A lindwurm (Lair:3)
  An ugly thing (D:9)
  An elephant (Lair:3)
  A black mamba (Lair:3)
  7 spiny frogs
  A komodo dragon (Lair:3)
  A queen bee (Lair:3)
  A polar bear (Lair:3)
  Grinder (D:6)
  A troll (D:9)
  Prince Ribbit (D:8)
  17 blink frogs
  4 hippogriffs
  A redback (Lair:4)
  A basilisk (Lair:3)
  14 yaks
  A steam dragon (D:10)
  6 water moccasins
  9 porcupines
  3 sky beasts
  4 orc warriors
  An ice beast (D:6)
  3 ogres
  2 black bears (D:9)
  2 phantoms
  2 wolves (Lair:2)
  4 centaurs
  5 crocodiles
  8 bullfrogs
  2 scorpions
  24 killer bees
  7 wights
  2 howler monkeys
  2 crimson imps
  2 jellies
  3 orc priests
  2 bullfrog skeletons
  2 hounds
  3 orc wizards
  3 iguanas
  Natasha (D:2)
  3 worker ants
  A hound skeleton (D:7)
  A hound zombie (D:9)
  A worker ant zombie (D:3)
  3 gnolls (D:10)
  14 adders
  A shadow imp (D:10)
  2 adder skeletons
  An adder zombie (D:5)
  3 worms
  A dart slug (D:2)
  9 leopard geckos
  25 orcs
  2 ball pythons (D:3)
  6 giant cockroaches
  6 goblins
  6 hobgoblins
  8 jackals
  6 quokkas
  9 bats
  9 frilled lizards
  A jackal zombie (D:5)
  9 kobolds
  4 rats
  A spectral orc (D:9)
  2 fungi (Lair:3)
295 creatures vanquished.

Vanquished Creatures (collateral kills)
  A hydra (Lair:2)
  A two-headed ogre (D:9)
  An unseen horror (D:10)
  3 elephants
  3 spiny frogs
  2 komodo dragons (Lair:4)
  A troll (D:8)
  6 blink frogs
  A redback (Lair:4)
  2 wyverns
  13 yaks
  A wraith (D:10)
  6 water moccasins
  A porcupine (Lair:4)
  An orc warrior (D:10)
  A sky beast (D:10)
  A black bear (D:10)
  2 wolves (Lair:2)
  2 crocodiles
  2 bullfrogs (D:10)
  A scorpion (D:9)
  3 wights
  2 killer bees (Lair:3)
  2 hounds
  A centaur skeleton (D:7)
  An orc priest (D:9)
  2 bullfrog skeletons
  An iguana (D:9)
  2 orc wizards
  2 worker ants
  A killer bee zombie (D:10)
  A worker ant zombie (D:7)
  4 adders
  An adder zombie (D:9)
  A leopard gecko (D:6)
  7 orcs
  A jackal (D:6)
  A quokka (D:9)
85 creatures vanquished.

Vanquished Creatures (others)
  9 knights
  An ancestor (D:7)
  A quokka (D:2)
  A bush (Lair:3)
  10 fungi
  11 plants
33 creatures vanquished.

Grand Total: 413 creatures vanquished

Notes
Turn   | Place    | Note
-------+----------+-------------------------------------------
     0 | D:1      | Mesmaeker13 the Draconian Conjurer began the quest for the
                  | Orb.
     0 | D:1      | Reached XP level 1. HP: 14/14 MP: 3/3
   520 | D:1      | Reached XP level 2. HP: 20/20 MP: 0/5
  1475 | D:2      | Reached XP level 3. HP: 26/26 MP: 1/6
  1483 | D:2      | Learned a level 2 spell: Searing Ray
  1829 | D:2      | Found a stormy altar of Qazlal.
  2110 | D:2      | Found an ancient bone altar of Kikubaaqudgha.
  2197 | D:2      | Reached XP level 4. HP: 33/33 MP: 0/8
  2638 | D:2      | Noticed Natasha
  2647 | D:2      | Killed Natasha
  3067 | D:3      | Learned a level 4 spell: Iskenderun's Mystic Blast
  3393 | D:3      | Found a blossoming altar of Fedhas.
  3511 | D:3      | Reached skill level 5 in Conjurations
  3511 | D:3      | Reached XP level 5. HP: 38/38 MP: 2/10
  4348 | D:3      | Identified the Almanac of the Arsonist and Bewitchment
  5365 | D:4      | Noticed an ogre
  5502 | D:4      | Killed an ogre
  5502 | D:4      | Reached XP level 6. HP: 45/45 MP: 5/11
  5896 | D:5      | Entered Level 5 of the Dungeon
  6037 | D:5      | Found Buge's General Store.
  6256 | D:5      | Your scales start taking on a glossy black colour.
  6256 | D:5      | Reached XP level 7. HP: 49/50 MP: 2/13
  6256 | D:5      | Gained mutation: You are resistant to electric shocks.
                  | (rElec) [Black Draconian growth]
  6483 | D:5      | Reached skill level 6 in Conjurations
  6679 | D:5      | Found a sparkling altar of Nemelex Xobeh.
  7344 | D:5      | Found an ornate altar of the Wu Jian Council.
  7360 | D:5      | Reached skill level 5 in Dodging
  8212 | D:6      | Found Edol's Gadget Emporium.
  8261 | D:6      | Found a staircase to the Ecumenical Temple.
  8287 | D:6      | Reached skill level 7 in Conjurations
  8287 | D:6      | Reached XP level 8. HP: 57/57 MP: 0/14
  8289 | Temple   | Entered the Ecumenical Temple
  8306 | Temple   | Became a worshipper of Hepliaklqana the Forgotten
  9272 | D:6      | Found a burning altar of Makhleb.
  9274 | D:6      | Found a radiant altar of Vehumet.
  9447 | D:6      | Noticed Grinder
  9454 | D:6      | Paralysed by Grinder for 6 turns
  9464 | D:6      | Killed Grinder
  9464 | D:6      | Reached skill level 8 in Conjurations
 10154 | D:7      | Reached XP level 9. HP: 55/55 MP: 4/15
 10584 | D:8      | Found Ummuom's Weapon Shop.
 10596 | D:8      | Reached skill level 9 in Conjurations
 10683 | D:8      | Reached * piety under Hepliaklqana
 11377 | D:8      | Found a hide-covered altar of Uskayaw.
 11423 | D:8      | Reached ** piety under Hepliaklqana
 11424 | D:8      | Remembered your ancestor Ealdgyð as a knight
 11588 | D:8      | Noticed a troll
 11603 | D:8      | Killed a troll
 11698 | D:8      | Noticed a two-headed ogre
 11705 | D:8      | Killed a two-headed ogre
 11705 | D:8      | Reached skill level 10 in Conjurations
 11847 | D:8      | Noticed Prince Ribbit
 11856 | D:8      | Killed Prince Ribbit
 12180 | D:9      | Found an iron altar of Okawaru.
 12196 | D:9      | Reached XP level 10. HP: 58/62 MP: 6/16
 12401 | D:9      | Found a white marble altar of Elyvilon.
 12432 | D:9      | Noticed a two-headed ogre
 13103 | D:9      | Learned a level 6 spell: Bolt of Fire
 13119 | D:9      | Killed a two-headed ogre
 13119 | D:9      | Reached skill level 11 in Conjurations
 13321 | D:9      | Found a basalt altar of Yredelemnul.
 13361 | D:9      | Found a staircase to the Lair.
 13437 | D:9      | Found a staircase to the Orcish Mines.
 13501 | D:9      | Reached skill level 10 in Dodging
 13779 | D:10     | Entered Level 10 of the Dungeon
 13824 | D:10     | Noticed an unseen horror
 13833 | D:10     | Killed an unseen horror
 14419 | D:10     | Reached XP level 11. HP: 29/66 MP: 3/17
 15484 | D:10     | Noticed an unseen horror
 15502 | D:10     | Killed an unseen horror
 15502 | D:10     | Reached skill level 5 in Fire Magic
 15679 | D:10     | Reached skill level 12 in Conjurations
 15855 | D:10     | Noticed a death knight
 15856 | D:10     | Noticed a cyan ugly thing
 15856 | D:10     | Noticed a five-headed hydra
 16217 | D:10     | Noticed a purple ugly thing
 16543 | D:9      | Killed a cyan ugly thing
 16635 | Lair:1   | Entered Level 1 of the Lair of Beasts
 16870 | Lair:1   | Reached *** piety under Hepliaklqana
 17656 | Lair:2   | Noticed a six-headed hydra
 17662 | Lair:2   | Killed a six-headed hydra
 17676 | Lair:1   | Reached skill level 5 in Spellcasting
 18827 | Lair:2   | Identified 2 scrolls of acquirement
 18831 | Lair:2   | Got an ancient hat
 18837 | Lair:2   | Identified the +0 hat of the Maze {+Inv Str+5 Dex-4} (You
                  | acquired it on level 2 of the Lair of Beasts)
 18840 | Lair:2   | Got a brightly glowing granite ring
 18842 | Lair:2   | Identified the ring "Duemutt" {+Fly rElec rC+ MR+ Int+3}
                  | (You acquired it on level 2 of the Lair of Beasts)
 18976 | Lair:3   | Reached **** piety under Hepliaklqana
 18987 | Lair:3   | Noticed a four-headed hydra
 18993 | Lair:3   | Killed a four-headed hydra
 18993 | Lair:3   | Reached XP level 12. HP: 72/72 MP: 5/20
 20042 | Lair:3   | Learned a level 4 spell: Force Lance
 20244 | Lair:3   | Reached skill level 13 in Conjurations
 20527 | Lair:3   | Found a stormy altar of Qazlal.
 22996 | Lair:4   | Found a hole to the Spider Nest.
 23001 | Lair:4   | Noticed Nergalle
 23053 | Lair:3   | HP: 3/72 [poisoned by a water moccasin]
 23061 | Lair:3   | HP: 3/72 [poisoned by a water moccasin]
 23952 | Lair:4   | Reached XP level 13. HP: 73/77 MP: 10/24
 25282 | Lair:4   | Killed Nergalle
 25300 | Lair:4   | Succumbed to a redback's poison

Levels and vault maps discovered:
D:1:      arrival_zaba_pyramid, layout_basic
D:2:      layout_loops_ring, lemuel_crystal_altar, grunt_qazlal_clouds,
          uniq_natasha
D:3:      minmay_octagon_keep, layout_loops_ring, old_standard_altar
D:4:      layout_rooms, minmay_manual_macuahuitl
D:5:      layout_basic, kennysheep_mini, overflow_temple_1_default,
          serial_shops, nicolae_shop_statue_plus, first_ration
D:6:      layout_cave_pods, grunt_temple_overflow_lords_of_destruction,
          minmay_temple_entry_glass, serial_shops, shop, uniq_grinder
D:7:      layout_rooms
D:8:      layout_layer_cave, basic_altar, serial_shops, shop,
          uniq_prince_ribbit1
D:9:      layout_cave_pools, yredelemnul_forgotten_temple_becter,
          okawaru_gym_becter, grunt_lair_entry_orc_guard_hut, basic_altar
D:10:     minmay_the_grid_triangle_9x9_rhombus_thin_mashed
          [minmay_the_grid_triangle_9x9_windchime,
          minmay_the_grid_triangle_9x9_prize_insulated,
          minmay_the_grid_triangle_9x9_corrupted_corridor,
          minmay_the_grid_triangle_9x9_stretched_checkered], layout_small_grid
Temple:   zaba_magenta_temple
Lair:1:   layout_roguey
Lair:2:   layout_chaotic_city
Lair:3:   layout_roguey [special_room_bee], basic_altar, grunt_megastairs_2
Lair:4:   layout_roguey, palyth_hydra_swamp_entry, spider_nest_entry_webs,
          uniq_nergalle

Skill      XL: |  1  2  3  4  5  6  7  8  9 10 11 12 13 |
---------------+----------------------------------------+-----
Dodging        | 2 3 4 5 7 9 10 11 12 | 12.4
Spellcasting   | 3 4 5 7 |  7.8
Conjurations   | 5 7 8 10 11 12 13 | 13.7
Fire Magic     | 4 7 8 9 |  9.2
Stealth        | |  1.7

Action                   |  1- 3 |  4- 6 |  7- 9 | 10-12 | 13-15 || total
-------------------------+-------+-------+-------+-------+-------++-------
Melee: Unarmed           |    31 |       |       |       |       ||    31
       Tailslap          |     3 |     3 |     8 |     6 |     2 ||    22
       Spear             |     2 |    19 |       |    36 |     7 ||    64
       Staff             |       |     1 |    38 |    96 |    13 ||   148
Throw: Dart              |       |     5 |     6 |     1 |       ||    12
 Cast: Magic Dart        |    76 |   117 |   141 |   130 |    11 ||   475
       Searing Ray       |     1 |    10 |    45 |   116 |    11 ||   183
       Iskenderun's Myst |       |       |     7 |    55 |     9 ||    71
Invok: Recall Ancestor   |       |       |     1 |     5 |     1 ||     7
       Ancestor Life: Kn |       |       |     1 |       |       ||     1
 Abil: Breathe Lightning |       |       |     2 |     6 |       ||     8
Evoke: Staff of energy   |       |     1 |     1 |       |       ||     2
       Wand              |       |       |       |    39 |     3 ||    42
  Use: Scroll            |     1 |     7 |     4 |    16 |     1 ||    29
       Potion            |       |       |     1 |     4 |       ||     5
 Stab: Distracted        |       |       |       |     1 |       ||     1
       Sleeping          |       |       |       |     1 |       ||     1
  Eat: Chunk             |     5 |    12 |     8 |    18 |     3 ||    46
       Ration            |       |       |     3 |     6 |       ||     9
Armor: Skin              |    19 |    14 |    44 |   130 |    12 ||   219
Dodge: Dodged            |    29 |    50 |   108 |   507 |    41 ||   735
